 Dungeon Crawl Stone Soup version 0.27-a0-824-gca8104f8d5 (webtiles) character file.

Game seed: 4573090816729858810

843 Harga the Chopper (level 8, 0/60 HPs)
             Began as a Gnoll Chaos Knight on Mar 30, 2021.
             Was a Plaything of Xom.
             Slain by an ogre
             ... wielding a +0 giant club
              (18 damage)
             ... on level 5 of the Dungeon.
             The game lasted 00:28:40 (5483 turns).

Harga the Chopper (Gnoll Chaos Knight)              Turns: 5483, Time: 00:28:42

Health: 0/60       AC: 17    Str: 11    XL:     8   Next: 0%
Magic:  12/12      EV: 10    Int: 12    God:    Xom [*.....]
Gold:   204        SH:  0    Dex: 12    Spells: 12/12 levels left

rFire    . . .     SeeInvis +   E - +4 rapier (speed)
rCold    + . .     Faith    .   (no shield)
rNeg     . . .     Spirit   .   j - +0 scale mail
rPois    .         Reflect  .   o - +2 helmet
rElec    .         Harm     .   s - +0 cloak
rCorr    .         Rampage  .   L - +0 pair of gloves
Will     .....                  (no boots)
Stlth    +.........             d - amulet of the acrobat
HPRegen  0.20/turn              g - ring of protection from cold
MPRegen  0.13/turn              (no ring)

@: unable to read
A: fangs 1, strong nose, distributed training, iridescent scales 2, see
invisible, frail 1, weak 1, inability to read while threatened
a: Renounce Religion


You were on level 5 of the Dungeon.
You worshipped Xom.
You were a special plaything of Xom.
You visited 1 branch of the dungeon, and saw 5 of its levels.

You collected 259 gold pieces.
You spent 55 gold pieces at shops.

Inventory:

Hand Weapons
 a - a +0 hand axe of chaos
 n - a +1 dagger of electrocution
 r - a +4 quarterstaff of chaos
 x - a +2 dagger of draining
 E - a +4 rapier of speed (weapon)
Missiles
 e - 10 poisoned darts (quivered)
Armour
 b - a +2 leather armour
 j - a +0 scale mail (worn)
 o - a +2 helmet (worn)
 s - a +0 cloak (worn)
 L - a +0 pair of gloves (worn)
Magical Staves
 h - a staff of fire
Jewellery
 d - an amulet of the acrobat (around neck)
 g - a ring of protection from cold (left hand)
 i - an amulet of the acrobat
 y - a ring of flight
 H - an amulet of faith
Wands
 m - a wand of digging (3)
 v - a wand of acid (16)
 D - a wand of paralysis (10)
 M - a wand of mindburst (8)
Scrolls
 c - a scroll of blinking {unknown}
 f - 2 scrolls of enchant weapon
 k - a scroll of noise {unknown}
 l - 7 scrolls of identify
 p - 8 scrolls of teleportation
 t - 2 scrolls of fog {unknown}
 u - 2 scrolls of enchant armour {unknown}
 w - a scroll of magic mapping {unknown}
 C - a scroll of holy word {unknown}
 G - 2 scrolls of summoning {unknown}
 J - a scroll of vulnerability {unknown}
Potions
 q - a potion of berserk rage {unknown}
 z - 2 potions of ambrosia {unknown}
 A - a potion of heal wounds
 B - a potion of mutation {unknown}
 F - a potion of attraction {unknown}
 I - a potion of brilliance {unknown}
 K - 2 potions of lignification {unknown}
 N - a potion of haste {unknown}


   Skills:
 + Level 7.2 Fighting
 + Level 2.8 Short Blades
 + Level 2.8 Long Blades
 + Level 7.2 Axes
 + Level 2.8 Maces & Flails
 + Level 2.8 Polearms
 + Level 2.8 Staves
 + Level 2.8 Slings
 + Level 2.8 Bows
 + Level 2.8 Crossbows
 + Level 2.8 Throwing
 + Level 5.4 Armour
 + Level 3.9 Dodging
 + Level 2.8 Stealth
 + Level 2.8 Shields
 + Level 2.8 Unarmed Combat
 + Level 2.8 Spellcasting
 + Level 2.3 Conjurations
 + Level 2.3 Hexes
 + Level 2.3 Summonings
 + Level 2.3 Necromancy
 + Level 2.3 Translocations
 + Level 2.3 Transmutations
 + Level 2.3 Fire Magic
 + Level 2.3 Ice Magic
 + Level 2.3 Air Magic
 + Level 2.3 Earth Magic
 + Level 2.3 Poison Magic
 + Level 3.1 Invocations
 + Level 2.8 Evocations


You had 12 spell levels left.
You didn't know any spells.
Your spell library contained the following spells:

 Spells                   Type           Power      Damage    Failure   Level
 Beastly Appendage        Tmut           14%        N/A       43%         1
 Wereblood                Tmut           7%         N/A       58%         2
 Spider Form              Tmut/Pois      3%         N/A       82%         3
 Ice Form                 Ice/Tmut       7%         N/A       99%         4
 Hydra Form               Tmut           3%         N/A       100%        5


Dungeon Overview and Level Annotations

Branches:
Dungeon (5/15)             Temple (0/1) D:5

Altars:
Gozag

Shops:
D:3 !   D:5 :

Annotations:
D:2 Sigmund


Innate Abilities, Weirdness & Mutations

You have very sharp teeth.
Your uncanny sense of smell can sniff out nearby items.
Your experience applies equally to all skills.
You are mostly covered in iridescent scales. (AC +4)
You have supernaturally acute eyesight. (SInv)
You are frail. (-10% HP)
You are weak. (Str -2)
You sometimes lose the ability to read scrolls when taking damage.


Message History

You closely miss the orc priest. The orc hits you but does no damage.
The orc priest hits you but does no damage.
You puncture the orc priest!
The orc priest is severely wounded.
You closely miss the orc priest.
The orc priest is severely wounded.
The orc priest hits you but does no damage.
You closely miss the orc priest.
The orc priest is severely wounded.
The ogre closely misses you. The orc priest misses you.
You hit the orc priest.
The orc priest is almost dead.
The orc priest closely misses you.
The ogre hits you with a +0 giant club!!
You closely miss the orc priest.
You bite the orc priest, but do no damage.
The orc priest is almost dead.
The orc hits you but does no damage.
You hit the orc priest.
You kill the orc priest!
The ogre hits you with a +0 giant club!
You feel threatened and lose the ability to read scrolls!
You have reached level 8!
You feel agile.
You closely miss the orc. You hit the orc.
The orc is moderately wounded. "This might be better!"
The orc evaporates and reforms as a kobold!
The ogre closely misses you. The orc hits you but does no damage.
You hit the kobold.
The kobold is moderately wounded.
The kobold misses you.
You hit the kobold.
You kill the kobold!
The orc hits you with a +0 short sword.
* * * LOW HITPOINT WARNING * * *
The ogre hits you with a +0 giant club!!
You die...
Xom laughs nastily!

.(..... ### ....... #..
....... ##.# ....... ###..#
....... #..... #.....∆
#.8.8. #...O## #..⌠.⌠ #.o@#
#.8.>. ###)## #..⌠.⌠
........### #..## #.8.8.
..........### ##..# #.....
............## ##.## ##....#
.............##
#..#######..####
..............#
#..........## ##
......).......##..#####....#
#. .............##..##
###..## #+


You could see an ogre and an orc.

Vanquished Creatures
  A necrophage (D:5)
  A centaur (D:3)
  A bullfrog (D:5)
  A water moccasin skeleton (D:4)
  2 bullfrog skeletons (D:5)
  A bullfrog zombie (D:5)
  A jelly (D:5)
  3 orc priests
  Crazy Yiuf (D:2)
  Ijyb (D:4)
  A hound zombie (D:5)
  2 hound skeletons (D:4)
  A gnoll (D:4)
  6 adders
  2 shadow imps
  An ufetubus (D:5)
  An adder skeleton (D:4)
  A worm (D:3)
  3 dart slugs
  9 orcs
  5 ball pythons
  4 bats
  3 endoplasms
  5 giant cockroaches
  9 goblins
  8 hobgoblins
  20 jackals
  9 kobolds
  3 quokkas
  5 frilled lizards
  A giant cockroach zombie (D:1)
  6 rats
118 creatures vanquished.

Vanquished Creatures (collateral kills)
  An ice beast (D:5)
  An orc wizard (D:4)
  An endoplasm (D:3)
3 creatures vanquished.

Grand Total: 121 creatures vanquished

Notes
Turn   | Place    | Note
-------+----------+-------------------------------------------
     0 | D:1      | Harga the Gnoll Chaos Knight began the quest for the Orb.
     0 | D:1      | Reached XP level 1. HP: 23/23 MP: 1/1
    91 | D:1      | Reached XP level 2. HP: 24/29 MP: 2/2
    95 | D:1      | XOM: potion effect (might)
   111 | D:1      | XOM: give mutations
   111 | D:1      | Gained mutation: You have supernaturally acute eyesight.
                  | (SInv) [Xom's mischief]
   111 | D:1      | Gained mutation: You sometimes lose the ability to read
                  | scrolls when taking damage. [Xom's mischief]
   263 | D:1      | XOM: cloud trail
   287 | D:1      | Reached XP level 3. HP: 34/35 MP: 3/3
   680 | D:1      | Reached skill level 1 in Invocations
   709 | D:1      | XOM: stat loss: -1 Int (10/11)
  1050 | D:2      | Found a faded altar of an unknown god.
  1069 | D:2      | XOM: draining
  1206 | D:2      | Reached skill level 1 in Short Blades
  1206 | D:2      | Reached skill level 1 in Long Blades
  1206 | D:2      | Reached skill level 1 in Maces & Flails
  1206 | D:2      | Reached skill level 1 in Polearms
  1206 | D:2      | Reached skill level 1 in Staves
  1206 | D:2      | Reached skill level 1 in Slings
  1206 | D:2      | Reached skill level 1 in Bows
  1206 | D:2      | Reached skill level 1 in Crossbows
  1206 | D:2      | Reached skill level 1 in Throwing
  1206 | D:2      | Reached skill level 1 in Stealth
  1206 | D:2      | Reached skill level 1 in Shields
  1206 | D:2      | Reached skill level 1 in Unarmed Combat
  1206 | D:2      | Reached skill level 1 in Spellcasting
  1206 | D:2      | Reached skill level 1 in Evocations
  1318 | D:2      | Reached XP level 4. HP: 37/38 MP: 5/5
  1556 | D:2      | XOM: silly message
  1621 | D:2      | Noticed Sigmund
  1625 | D:2      | XOM: summons 4 friendly demons
  1629 | D:2      | XOM: cast spell 'Olgreb's Toxic Radiance'
  1774 | D:2      | XOM: confuse monster(s)
  2034 | D:2      | XOM: god gift: 28 bolts
  2060 | D:2      | Found a runed translucent door.
  2061 | D:2      | Noticed Crazy Yiuf
  2069 | D:2      | Killed Crazy Yiuf
  2070 | D:2      | Reached skill level 1 in Conjurations
  2070 | D:2      | Reached skill level 1 in Hexes
  2070 | D:2      | Reached skill level 1 in Summonings
  2070 | D:2      | Reached skill level 1 in Necromancy
  2070 | D:2      | Reached skill level 1 in Translocations
  2070 | D:2      | Reached skill level 1 in Transmutations
  2070 | D:2      | Reached skill level 1 in Fire Magic
  2070 | D:2      | Reached skill level 1 in Ice Magic
  2070 | D:2      | Reached skill level 1 in Air Magic
  2070 | D:2      | Reached skill level 1 in Earth Magic
  2070 | D:2      | Reached skill level 1 in Poison Magic
  2320 | D:3      | Reached XP level 5. HP: 46/47 MP: 6/6
  2335 | D:3      | You fall into a shaft and drop 1 floor!
  2335 | D:4      | XOM: stealth player
  2418 | D:4      | XOM: summons friendly ufetubus
  2449 | D:3      | Noticed a centaur
  2457 | D:3      | XOM: summons friendly crimson imp
  2463 | D:3      | Killed a centaur
  2466 | D:3      | Reached XP level 6. HP: 5/53 MP: 8/8
  2628 | D:3      | XOM: divination: magic mapping
  3117 | D:3      | Found an opulent altar of Gozag.
  3150 | D:3      | Found Plog's Distillery.
  3154 | D:3      | Bought a potion of heal wounds for 55 gold pieces
  3629 | D:4      | XOM: butterfly on damage
  3661 | D:4      | HP: 1/53 [orc priest/divine providence (17)]
  3663 | D:4      | Reached skill level 5 in Armour
  4172 | D:4      | Noticed Ijyb
  4185 | D:4      | Killed Ijyb
  4264 | D:4      | XOM: draining
  4306 | D:4      | HP: 1/45 [acid (8)]
  4701 | D:5      | Entered Level 5 of the Dungeon
  4711 | D:5      | Reached XP level 7. HP: 51/53 MP: 10/10
  4720 | D:5      | XOM: summons 5 friendly demons
  4738 | D:5      | XOM: draining
  4754 | D:5      | XOM: give mutations
  4754 | D:5      | Gained mutation: You are partially covered in iridescent
                  | scales. (AC +2) [Xom's mischief]
  4754 | D:5      | Gained mutation: You are frail. (-10% HP) [Xom's mischief]
  4754 | D:5      | Gained mutation: You are mostly covered in iridescent
                  | scales. (AC +4) [Xom's mischief]
  4754 | D:5      | Gained mutation: You are weak. (Str -2) [Xom's mischief]
  4771 | D:5      | XOM: 4-stop teleportation journey
  4839 | D:5      | Found a staircase to the Ecumenical Temple.
  4911 | D:5      | Found Bouch's Book Shop.
  5480 | D:5      | Reached XP level 8. HP: 21/60 MP: 12/12
  5481 | D:5      | XOM: polymorph orc -> kobold
  5483 | D:5      | Slain by an ogre

Illustrated notes

Levels and vault maps discovered:
D:1:      saegor_arrival_fortress, layout_loops_ring, minmay_tripent
D:2:      mumra_celtic_spiral_tile, layout_loops_ring,
          chequers_ecumenical_altar_simple, serial_park_tiny_1,
          uniq_crazy_yiuf_cottage, uniq_sigmund
D:3:      layout_basic, serial_shops, shop, minmay_door_square, st_stairs_1,
          lemuel_statue_altar
D:4:      minmay_door_path, layout_basic, serial_bayou_pond_e, uniq_ijyb
D:5:      layout_cave_pods, minmay_temple_entry_statues_fountains, serial_shops,
          kennysheep_mini

Skill      XL: |  1  2  3  4  5  6  7 |
---------------+----------------------+-----
Invocations    | 1 2 3 |  3.1
Short Blades   | 1 2 |  2.8
Long Blades    | 1 2 |  2.8
Maces & Flails | 1 2 |  2.8
Polearms       | 1 2 |  2.8
Staves         | 1 2 |  2.8
Slings         | 1 2 |  2.8
Bows           | 1 2 |  2.8
Crossbows      | 1 2 |  2.8
Throwing       | 1 2 |  2.8
Stealth        | 1 2 |  2.8
Shields        | 1 2 |  2.8
Unarmed Combat | 1 2 |  2.8
Spellcasting   | 1 2 |  2.8
Evocations     | 1 2 |  2.8
Conjurations   | 1 2 |  2.3
Hexes          | 1 2 |  2.3
Summonings     | 1 2 |  2.3
Necromancy     | 1 2 |  2.3
Translocations | 1 2 |  2.3
Transmutations | 1 2 |  2.3
Fire Magic     | 1 2 |  2.3
Ice Magic      | 1 2 |  2.3
Air Magic      | 1 2 |  2.3
Earth Magic    | 1 2 |  2.3
Poison Magic   | 1 2 |  2.3
Dodging        | 3 |  3.9
Armour         | 5 |  5.4
Fighting       | 7 |  7.2
Axes           | 7 |  7.2

Action                   |  1- 3 |  4- 6 |  7- 9 || total
-------------------------+-------+-------+-------++-------
Melee: Hand axe          |    92 |    46 |       ||   138
       Bite              |     5 |    19 |     8 ||    32
       Quarterstaff      |       |    68 |       ||    68
       Rapier            |       |    82 |    74 ||   156
Throw: Dart              |       |     6 |     3 ||     9
Evoke: Wand              |       |     2 |       ||     2
  Use: Scroll            |       |     1 |     1 ||     2
 Stab: Sleeping          |     1 |     1 |       ||     2
Armor: Leather armour    |    27 |    57 |       ||    84
       Scale mail        |       |    34 |    25 ||    59
Dodge: Dodged            |    40 |   127 |    29 ||   196

Table legend: (Time is in decaauts)
 A = Elapsed time spent in this place.
 B = Non-inter-level travel time spent in this place.
 C = Inter-level travel time spent in this place.
 D = Time resting spent in this place.
 E = Time spent auto-exploring this place.
 F = Levels seen in this place.
 G = Mean time per level.
                   A        B        C        D        E       F      G
               +--------+--------+--------+--------+--------+-----+--------+
         Total |   5454 |   5454 |      0 |   1227 |   1958 |   5 | 1090.8 |
       Dungeon |   5454 |   5454 |      0 |   1227 |   1958 |   5 | 1090.8 |
               +--------+--------+--------+--------+--------+-----+--------+

Top non-repeatable levels by time:
     D:4: 1349 daAuts
     D:2: 1278 daAuts
     D:3: 1050 daAuts
     D:1: 1017 daAuts
     D:5: 759 daAuts
